 Dungeon Crawl Stone Soup version 0.29.1-2-gbd0b4ee654 (webtiles) character file.

Game seed: 1787438211587527040

25752 raph the Dealer of Despair (level 12, -7/70 HPs)
             Began as a Deep Elf Fire Elementalist on Nov 24, 2022.
             Was an Elder of Kikubaaqudgha.
             Mangled by a death yak (15 damage)
             ... on level 4 of the Lair of Beasts.
             The game lasted 00:35:16 (22249 turns).

raph the Dealer of Despair (DEFE)                  Turns: 22249, Time: 00:35:17

Health: -7/70      AC: 21    Str:  5    XL:     12   Next: 92%
Magic:  11/28      EV: 14    Int: 26    God:    Kikubaaqudgha [****..]
Gold:   615        SH:  0    Dex: 15    Spells: 1/31 levels left

rFire   . . .      SeeInvis .   a - +3 hand axe (pain)
rCold   . . .      Faith    .   (no shield)
rNeg    + . .      Spirit   .   Q - +0 acid dragon scales
rPois   .          Reflect  .   q - +1 helmet
rElec   .          Harm     .   S - +1 cloak
rCorr   +          Rampage  .   i - +2 pair of gloves "Kabryph" {rN+}
Will    +....                   h - +1 pair of boots
Stlth   ++........              F - amulet of the acrobat
HPRegen 0.21/turn               H - +4 ring of slaying
MPRegen 0.21/turn               G - +4 ring of protection

@: death channelling, animating dead
A: no striking features
a: Renounce Religion, Unearth Wretches


You were on level 4 of the Lair of Beasts.
You worshipped Kikubaaqudgha.
Kikubaaqudgha was greatly pleased with you.
You visited 3 branches of the dungeon, and saw 15 of its levels.
You also visited: Ossuary.

You collected 805 gold pieces.
You spent 190 gold pieces at shops.

Inventory:

Hand Weapons
 a - a +3 hand axe of pain (weapon)
 b - the +7 whip of the Usurping Gods {spect, Int+2}
   (You took it off an orc warrior on level 9 of the Dungeon)

   When its wielder attacks, the weapon's spirit leaps out and strikes again.
   The spirit shares a part of any damage it takes with its wielder.
   Int:       It affects your intelligence (+2).
Missiles
 l - 33 poisoned darts
 C - 2 throwing nets
Armour
 f - a +0 buckler
 h - a +1 pair of boots (worn)
 i - the +2 pair of gloves "Kabryph" (worn) {rN+}
   (You acquired it on level 3 of the Dungeon)

   rN:        It protects you from negative energy.
 p - a +2 leather armour of poison resistance
 q - a +1 helmet (worn)
 y - +0 steam dragon scales
 Q - +0 acid dragon scales (worn)
 S - a +1 cloak (worn)
Magical Staves
 w - a staff of fire
Jewellery
 g - a ring of positive energy
 z - a ring of willpower
 F - an amulet of the acrobat (around neck)
 G - a +4 ring of protection (right hand)
 H - a +4 ring of slaying (left hand)
 L - a ring of resist corrosion
Wands
 u - a wand of light (6)
 D - a wand of flame (25)
 E - a wand of polymorph (8)
 M - a wand of roots (6)
Scrolls
 e - a scroll of fear
 j - 5 scrolls of fog
 r - 2 scrolls of amnesia
 v - 7 scrolls of teleportation
 x - 3 scrolls of identify
 K - a scroll of magic mapping
 T - 2 scrolls of brand weapon
Potions
 c - a potion of resistance
 d - 5 potions of brilliance
 k - 4 potions of flight
 m - 6 potions of mutation
 n - 5 potions of attraction
 o - 3 potions of might
 s - 2 potions of lignification
 t - 7 potions of curing
 A - 2 potions of heal wounds
 B - a potion of ambrosia
 I - 3 potions of berserk rage
 J - 2 potions of invisibility
 O - a potion of cancellation
 P - 3 potions of magic
 R - a potion of haste


   Skills:
 - Level 6.2 Fighting
 - Level 3.0 Axes
 - Level 6.1 Armour
 - Level 9.1 Dodging
 - Level 2.4 Stealth
 - Level 10.2 Spellcasting
 - Level 8.2 Conjurations
 + Level 11.8 Necromancy
 - Level 11.6 Fire Magic


You had one spell level left.
You knew the following spells:

 Your Spells              Type           Power      Damage    Failure   Level
a - Foxfire               Conj/Fire      100%       2x1d9     1%          1
b - Scorch                Fire           100%       2d10      1%          2
c - Conjure Flame         Conj/Fire      60%        6-21      1%          3
d - Inner Flame           Hex/Fire       43%        N/A       2%          3
e - Flame Wave            Conj/Fire      60%        2d14      1%          4
f - Call Imp              Summ           13%        N/A       14%         2
g - Vampiric Draining     Necr           66%        2d10      1%          3
h - Sublimation of Blood  Necr           66%        N/A       1%          2
i - Animate Dead          Necr           66%        N/A       1%          4
j - Death Channel         Necr           33%        N/A       11%         6

Your spell library contained the following spells:

 Spells                   Type           Power      Damage    Failure   Level
 Magic Dart               Conj           100%       1d8       1%          1
 Necrotise                Necr           100%       1d9       1%          1
 Apportation              Tloc           26%        N/A       9%          1
 Beastly Appendage        Tmut           26%        N/A       9%          1
 Slow                     Hex            52%        N/A       9%          1
 Summon Small Mammal      Summ           52%        N/A       9%          1
 Dispel Undead            Necr           66%        3d23      1%          4
 Agony                    Necr           66%        N/A       1%          5
 Anguish                  Hex/Necr       22%        N/A       8%          4
 Mephitic Cloud           Conj/Pois/Air  27%        N/A       9%          3
 Corpse Rot               Necr/Pois/Air  33%        N/A       17%         4
 Confusing Touch          Hex            13%        N/A       26%         3
 Animate Armour           Summ/Erth      26%        N/A       65%         4
 Passage of Golubria      Tloc           13%        N/A       65%         4
 Simulacrum               Ice/Necr       22%        N/A       77%         6
 Blade Hands              Tmut           6%         N/A       94%         5
 Silence                  Hex/Air        6%         N/A       94%         5
 Infestation              Necr           33%        N/A       99%         8
 Lehudib's Crystal Spear  Conj/Erth      17%        10d5      100%        8
 Dragon's Call            Summ           6%         N/A       100%        9


Dungeon Overview and Level Annotations

Branches:
Dungeon (10/15)            Temple (1/1) D:5            Lair (4/5) D:9
  Swamp (0/4) Lair:2       Spider (0/4) Lair:3          Orc (0/2) D:9
Ossuary (visited)
  Slime: Lair:4-5

Altars:
Ashenzari
Cheibriados
Dithmenos
Elyvilon
Fedhas
Gozag
Hepliaklqana
Kikubaaqudgha
Makhleb
Nemelex Xobeh
Okawaru
Qazlal
Ru
Sif Muna
Trog
Uskayaw
Vehumet
Wu Jian
Xom
Yredelemnul
Zin
The Shining One

Shops:
D:6 (!   D:9 (

Annotations:
D:5 2 runed translucent doors, carontestyx's ghost, novice OgTm
D:6 3 runed translucent doors, TowerOfEmptiness's ghost, novice MiFi
D:9 1 runed translucent door, caveywoolpert's ghost, novice TrFi


Message History

Flames lash the yak.
The yak is severely wounded.
The yak's fire resistance burns away.
You slash the yak!
The yak is almost dead.
You hit the death yak.
The death yak writhes in agony.
The death yak gores you! The yak gores you but does no damage.
Your magical contamination has completely faded away.
You hit the yak.
The yak is almost dead.
You hit the death yak.
The death yak writhes in agony!
The yak is no longer more vulnerable to fire.
The yak completely misses you. The death yak barely misses you.
You hit the yak.
You kill the yak!
Kikubaaqudgha accepts your kill.
You hit the death yak.
The death yak writhes in agony!
You hit the death yak but do no damage.
The death yak writhes in agony.
The dead are walking!
A glowing mist starts to gather...
The death yak gores you. The death yak barely misses you.
The death yak gores your yak zombie! The death yak gores your yak zombie!
You hit the death yak but do no damage.
The death yak writhes in agony!
The death yak is moderately wounded.
You hit the death yak but do no damage. The death yak gores your yak zombie!!
The death yak gores you but does no damage.
The death yak gores you!!
Your yak zombie barely misses the death yak.
Your spectral yak gores the death yak but does no damage.
You hit the death yak.
The death yak is moderately wounded.
You hit the death yak but do no damage.
The death yak writhes in agony.
The death yak gores you!
Your yak zombie gores the death yak but does no damage.
Your spectral yak gores the death yak.
Your spectral yak drains the death yak.
The death yak gores you!
* * * LOW HITPOINT WARNING * * *
The death yak gores you!
You die...
Kikubaaqudgha rasps: "You have failed me!
Welcome... death!"

#....†.... #.........
.....# ###.†.......
......# ##...†.....[.
....... ##....Z.......
.......##
####..#.Z........
Y.......#
#.....##Z........
..).....#
####...#######......
......Y.#####.Y@......##
#######
..YYY.YY..##Z.YY.......##
....###.#F/YY.Z.........#
. ##Y#Y.Y.............
#.##..........^....
...##..............
........##.........#
......#..#.........
.......PP...........


You could see 5 death yaks, 3 yaks, a bullfrog, a friendly spectral yak and a
friendly yak zombie.

Vanquished Creatures
  A boulder beetle (Lair:1)
  A two-headed ogre (D:9)
  2 bog bodies (Lair:2)
  Maggie (D:6)
  4 komodo dragons
  2 cane toads
  A rime drake (Lair:2)
  3 dream sheep (Lair:2)
  4 blink frogs
  A jumping spider (Lair:3)
  A wyvern (Lair:1)
  4 shadows
  24 yaks
  2 steam dragons (D:7)
  3 basilisks
  Menkaure (D:6)
  2 swamp worms (Lair:2)
  An acid dragon (D:9)
  13 water moccasins
  3 black bears
  4 ice beasts
  5 orc warriors
  2 sky beasts
  2 ogres
  4 wolves
  4 centaurs
  3 dream sheep zombies (Lair:2)
  A phantom (D:5)
  4 kobold brigands
  2 scorpions (D:5)
  8 bullfrogs
  A water moccasin zombie (Ossuary)
  A gnoll sergeant (D:8)
  2 necrophages
  20 killer bees
  An electric eel (Lair:2)
  5 howler monkeys
  A crimson imp (D:8)
  7 bullfrog zombies (Ossuary)
  5 centaur zombies (Ossuary)
  2 hounds (D:6)
  3 jellies
  5 orc priests
  2 gnoll boudas
  3 iguanas
  11 orc wizards
  6 killer bee zombies
  16 mummies (Ossuary)
  6 howler monkey zombies (Ossuary)
  Robin (D:3)
  16 gnolls
  8 adders
  2 dart slugs
  33 orcs
  5 endoplasms
  2 giant cockroaches
  11 goblins
  9 hobgoblins
  9 jackals
  22 kobolds
  2 quokkas (D:5)
  8 ball pythons
  5 bats
  4 frilled lizards
  3 rats
350 creatures vanquished.

Vanquished Creatures (collateral kills)
  A hydra (Lair:3)
  5 death yaks (Lair:4)
  A bog body (Lair:2)
  A black mamba (Lair:2)
  3 rime drakes
  4 blink frogs
  A dream sheep (Lair:2)
  A jumping spider (Lair:3)
  A culicivora (Lair:3)
  A wyvern (Lair:3)
  4 yaks
  A redback (Lair:3)
  2 water moccasins (D:9)
  2 wolves (Lair:4)
  A bullfrog (Lair:1)
  A yak zombie (Lair:1)
  An electric eel (Lair:1)
  An orc wizard (D:10)
  A killer bee zombie (D:10)
  A goblin (D:10)
  4 butterflies
  4 foxfires
42 creatures vanquished.

Vanquished Creatures (others)
  A two-headed ogre (D:8)
  A cane toad (Lair:1)
  A death yak zombie (Lair:4)
  A cane toad zombie (Lair:3)
  3 water moccasin zombies
  2 yak zombies
  A howler monkey (D:8)
  A killer bee zombie (D:10)
  A bat (D:8)
  2 orc zombies (D:9)
  977 foxfires
  49 fungi
  57 plants
  2 withered plants (Ossuary)
1099 creatures vanquished.

Grand Total: 1491 creatures vanquished

Notes
Turn   | Place    | Note
-------+----------+-------------------------------------------
     0 | D:1      | raph the Deep Elf Fire Elementalist began the quest for the
                  | Orb.
     0 | D:1      | Reached XP level 1. HP: 10/10 MP: 6/6
   183 | D:1      | Reached XP level 2. HP: 15/15 MP: 2/8
   318 | D:1      | Found a faded altar of an unknown god.
   327 | D:1      | Learned a level 2 spell: Scorch
  1001 | D:2      | Reached XP level 3. HP: 18/19 MP: 2/9
  1219 | D:2      | Learned a level 3 spell: Conjure Flame
  1339 | D:2      | Reached skill level 5 in Fire Magic
  1826 | D:3      | Reached XP level 4. HP: 24/24 MP: 5/10
  2150 | D:3      | Found an iron altar of Okawaru.
  2387 | D:3      | Identified a scroll of acquirement
  2387 | D:3      | Acquired the +2 pair of gloves "Kabryph" {rN+}
  2534 | D:3      | Learned a level 2 spell: Call Imp
  2965 | D:3      | Reached XP level 5. HP: 28/28 MP: 1/11
  3238 | D:3      | Noticed Robin
  3255 | D:3      | Killed Robin
  3539 | D:4      | Noticed a black bear
  3546 | D:4      | Killed a black bear
  3547 | D:4      | Reached XP level 6. HP: 32/32 MP: 5/12
  4879 | D:4      | Learned a level 3 spell: Inner Flame
  4909 | D:5      | Entered Level 5 of the Dungeon
  4995 | D:5      | Got the Parchment of Evil
  5046 | D:5      | Reached XP level 7. HP: 37/37 MP: 0/13
  5180 | D:5      | Found a runed translucent door.
  5187 | D:5      | Noticed carontestyx's ghost (novice OgTm)
  5247 | D:5      | Reached skill level 1 in Fighting
  5247 | D:5      | Reached skill level 1 in Armour
  5602 | D:5      | Found a staircase to the Ecumenical Temple.
  5668 | Temple   | Entered the Ecumenical Temple
  5780 | Temple   | Became a worshipper of Kikubaaqudgha
  5928 | D:5      | Found a runed translucent door.
  6024 | D:6      | Found a runed translucent gate.
  6028 | D:6      | Noticed TowerOfEmptiness's ghost (novice MiFi)
  6552 | D:6      | Noticed Menkaure
  6556 | D:6      | Killed Menkaure
  6557 | D:6      | Reached skill level 1 in Necromancy
  6557 | D:6      | Reached XP level 8. HP: 43/43 MP: 10/16
  6641 | D:6      | Noticed Maggie
  6808 | D:6      | Killed Maggie
  6809 | D:6      | Reached skill level 5 in Spellcasting
  6927 | D:6      | Found a runed translucent gate.
  6927 | D:6      | Found an opulent altar of Gozag.
  6928 | D:6      | Found a runed translucent gate.
  7064 | D:6      | Found Juukh's Firing Range.
  7087 | D:6      | Found Yneinlal's Distillery.
  7148 | D:6      | Reached XP level 9. HP: 49/49 MP: 4/19
  7269 | D:6      | Bought a potion of heal wounds for 50 gold pieces
  7269 | D:6      | Bought a potion of ambrosia for 80 gold pieces
  7269 | D:6      | Bought 2 potions of curing for 60 gold pieces
  7750 | D:6      | Learned a level 4 spell: Flame Wave
  7754 | D:6      | Learned a level 3 spell: Vampiric Draining
  7874 | D:6      | Reached skill level 5 in Dodging
  8403 | D:7      | Reached * piety under Kikubaaqudgha
  8403 | D:7      | Received a gift from Kikubaaqudgha
  8634 | D:7      | Found a large runed translucent door.
  8638 | D:7      | Learned a level 2 spell: Sublimation of Blood
  8638 | D:7      | Found a large runed translucent door.
  9269 | D:7      | Found a white marble altar of Elyvilon.
  9274 | D:7      | Found a snail-covered altar of Cheibriados.
  9362 | D:8      | Found a sand-covered staircase.
  9371 | Ossuary  | Entered an ossuary
  9671 | Ossuary  | Reached skill level 5 in Conjurations
  9853 | Ossuary  | Reached ** piety under Kikubaaqudgha
 10051 | Ossuary  | Reached skill level 10 in Fire Magic
 10561 | Ossuary  | Reached XP level 10. HP: 55/56 MP: 15/22
 10862 | D:8      | Reached skill level 5 in Necromancy
 11159 | D:8      | Found an opulent altar of Gozag.
 11248 | D:8      | Reached *** piety under Kikubaaqudgha
 11248 | D:8      | Received a gift from Kikubaaqudgha
 11311 | D:8      | Found a burning altar of Makhleb.
 13269 | D:9      | Noticed a two-headed ogre
 13473 | D:9      | Learned a level 4 spell: Animate Dead
 14469 | D:9      | Killed a two-headed ogre
 14470 | D:9      | Reached XP level 11. HP: 28/62 MP: 13/25
 14474 | D:9      | Identified the +7 whip of the Usurping Gods {spect, Int+2}
 15126 | D:9      | Found a staircase to the Lair.
 15148 | D:9      | Found Deifeyq's Weapon Shop.
 15148 | D:9      | Found a staircase to the Orcish Mines.
 15391 | D:9      | Found a runed translucent door.
 15392 | D:9      | Noticed caveywoolpert's ghost (novice TrFi)
 15392 | D:9      | Identified the +9 trident of Xineg {spect, rN+ rCorr Dex-3}
 15405 | D:9      | Found a hide-covered altar of Uskayaw.
 15535 | D:10     | Entered Level 10 of the Dungeon
 15546 | D:10     | Reached skill level 5 in Fighting
 15564 | D:9      | Reached skill level 5 in Armour
 16171 | D:10     | Reached **** piety under Kikubaaqudgha
 16344 | D:10     | Found a sacrificial altar of Ru.
 17168 | Lair:1   | Entered Level 1 of the Lair of Beasts
 17447 | Lair:1   | Reached skill level 1 in Axes
 17622 | Lair:1   | Found an ornate altar of the Wu Jian Council.
 17622 | Lair:1   | Found a hide-covered altar of Uskayaw.
 17622 | Lair:1   | Noticed a boulder beetle
 17640 | Lair:1   | Killed a boulder beetle
 17772 | Lair:1   | Got the Treatise on the Commander and Evolution
 18328 | Lair:1   | Identified the +1 long sword "Zinezo" {vorpal, rCorr Int+3}
 19386 | Lair:2   | Noticed a bog body
 19402 | Lair:2   | Killed a bog body
 19403 | Lair:2   | Reached XP level 12. HP: 40/69 MP: 22/27
 20170 | Lair:2   | Found a staircase to the Swamp.
 20558 | Lair:3   | Noticed a seven-headed hydra
 20565 | Lair:3   | Killed a seven-headed hydra
 20566 | Lair:3   | Reached skill level 10 in Spellcasting
 20709 | Lair:3   | Learned a level 6 spell: Death Channel
 20755 | Lair:3   | Found a hole to the Spider Nest.
 22004 | Lair:4   | Identified the +1 ring mail "Dehiel" {Stlth+}
 22084 | Lair:4   | Noticed a death yak
 22085 | Lair:4   | Noticed a death yak
 22086 | Lair:4   | Noticed a death yak
 22087 | Lair:4   | Noticed a death yak
 22087 | Lair:4   | Noticed a death yak
 22100 | Lair:4   | Killed a death yak
 22114 | Lair:4   | Killed a death yak
 22115 | Lair:4   | Reached skill level 10 in Necromancy
 22121 | Lair:4   | Killed a death yak
 22121 | Lair:4   | Killed a death yak
 22128 | Lair:4   | Killed a death yak
 22229 | Lair:4   | Noticed a death yak
 22230 | Lair:4   | Noticed a death yak
 22230 | Lair:4   | Noticed a death yak
 22231 | Lair:4   | Noticed a death yak
 22231 | Lair:4   | Noticed a death yak
 22249 | Lair:4   | Mangled by a death yak

Illustrated notes

Levels and vault maps discovered:
D:1:      psy_arrival_fountain, layout_rooms, hellmonk_ecumenical_altar_run_dry,
          minmay_misc_feat_roman, serial_park_tiny_2
D:2:      layout_basic, wad_floor_pattern_untrapped, reono_crystal_passage
D:3:      layout_loops_ring, okawaru_gym_becter, uniq_robin
D:4:      layout_loops_cross, hangedman_decor_clover_reticule
D:5:      layout_basic, temple_statues, ebering_ghost_sewer_f,
          minmay_misc_feat_x, grunt_decor_mini_mirrors
D:6:      layout_basic, serial_shops, shop, ebering_ghost_gozag,
          kennysheep_small_spiral, nicolae_shop_firing_range, uniq_menkaure,
          uniq_maggie
D:7:      layout_basic, jmf_multi_god_temple2
D:8:      layout_basic, makhleb_grotto_becter, mainiacjoe_overflow_boulevard,
          lightli_ossuary_entry_decrepit_ruins
D:9:      layout_rooms, marbit_many_paths, due_lair_maze_entry_diamond,
          orc_david_3, ebering_ghost_funeral_grove
D:10:     layout_long_grid, nicolae_ru_great_annihilating_truth
Temple:   regret_index_temple_waves
Lair:1:   layout_cave_pods, portal_ice_cave_entry_pillars_2, st_stairs_11,
          nzn_masters_of_martial_movement, serial_bayou_shore_a,
          grunt_megastairs_5, lemuel_fruit_fields
Lair:2:   layout_cave_shapes, nicolae_swamp_entry_splash_gauntlet,
          nicolae_quartered_pool_little, grunt_megastairs_2, lemuel_fruit_fields
Lair:3:   layout_chaotic_city, spider_nest_entry_funnel_web
Lair:4:   layout_cave_pods

Skill      XL: |  1  2  3  4  5  6  7  8  9 10 11 12 |
---------------+-------------------------------------+-----
Fire Magic     | 4 5 6 7 8 9 10 11 | 11.6
Fighting       | 1 2 3 4 5 6 |  6.2
Armour         | 1 2 3 4 5 6 |  6.1
Dodging        | 3 4 6 7 8 9 |  9.1
Conjurations   | 2 3 5 6 7 8 |  8.2
Spellcasting   | 4 5 6 8 9 10 | 10.2
Necromancy     | 1 3 4 6 7 11 | 11.8
Axes           | 2 3 |  3.0
Stealth        | |  2.4

Action                   |  1- 3 |  4- 6 |  7- 9 | 10-12 || total
-------------------------+-------+-------+-------+-------++-------
Melee: Dagger            |     2 |     6 |    29 |       ||    37
       Punch             |       |       |     2 |       ||     2
       Hand axe          |       |       |       |    77 ||    77
Throw: Dart              |       |       |       |     1 ||     1
 Cast: Foxfire           |    48 |    63 |    79 |   365 ||   555
       Scorch            |    21 |    34 |    77 |   108 ||   240
       Conjure Flame     |       |     2 |    10 |     1 ||    13
       Flame Wave        |       |       |    12 |    23 ||    35
       Call Imp          |       |       |     1 |     5 ||     6
       Inner Flame       |       |       |     1 |     5 ||     6
       Animate Dead      |       |       |       |    19 ||    19
       Vampiric Draining |       |       |       |     8 ||     8
       Sublimation of Bl |       |       |       |     2 ||     2
       Death Channel     |       |       |       |     5 ||     5
Invok: Unearth Wretches  |       |       |       |     3 ||     3
Evoke: Wand              |       |       |       |     2 ||     2
  Use: Scroll            |     5 |    12 |     6 |     9 ||    32
       Potion            |       |       |       |     1 ||     1
 Stab: Paralysed         |       |       |       |     4 ||     4
Armor: Robe              |    10 |     3 |       |       ||    13
       Leather armour    |       |     5 |    13 |       ||    18
       Steam dragon scal |       |       |    50 |    47 ||    97
       Acid dragon scale |       |       |       |    89 ||    89
Dodge: Dodged            |    18 |    13 |    86 |   271 ||   388
